 Dungeon Crawl Stone Soup version 0.32-a0-705-g60f233581c (webtiles) character file.

Game seed: 13530887602096575241

177 TrayleKats the Slasher (level 5, -2/42 HPs)
             Began as a Coglin Gladiator on Mar 14, 2024.
             Was a Follower of Trog.
             Incinerated by a bombardier beetle (4 damage)
             ... with a burning spray
             ... on level 5 of the Dungeon.
             The game lasted 00:04:41 (3651 turns).

TrayleKats the Slasher (Coglin Gladiator)           Turns: 3651, Time: 00:04:42

Health: -2/42      AC: 10    Str: 14    XL:     5   Next: 57%
Magic:  5/5        EV:  6    Int:  8    God:    Trog [*.....]
Gold:   337        SH:  0    Dex: 17    Spells: 4/4 levels left

rFire   . . .        a - +0 long sword {Fernando}
rCold   . . .        f - +0 dagger {Wira}
rNeg    . . .        s - +0 chain mail
rPois   .            c - +0 helmet
rElec   .            (no cloak)
rCorr   .            (no gloves)
SInv    .            m - +0 pair of boots
Will    .....        (amulet unavailable) Stlth
                     (ring unavailable)
HPRegen 0.27/turn    (ring unavailable)
MPRegen 0.09/turn    (no gizmo)

%: no passive effects
@: on fire, glowing, revving
A: off-hand wielding, slow wielding, warmup strikes, no jewellery
a: Invent Gizmo, Renounce Religion, Berserk


You were on level 5 of the Dungeon.
You worshipped Trog.
Trog was aware of your devotion.
You visited 1 branch of the dungeon, and saw 5 of its levels.

You collected 337 gold pieces.

Inventory:

Hand Weapons
 a - a +0 long sword (weapon) {Fernando}
 f - a +0 dagger (offhand) {Wira}
Missiles
 d - 3 throwing nets (quivered)
 e - 3 javelins
Armour
 c - a +0 helmet (worn)
 m - a +0 pair of boots (worn)
 s - a +0 chain mail (worn)
Wands
 q - a wand of polymorph (5)
 w - a wand of iceblast (15)
Scrolls
 g - a scroll of silence {unknown}
 h - 7 scrolls of identify {unknown}
 i - a scroll of amnesia {unknown}
 j - a scroll of poison {unknown}
 l - 2 scrolls of teleportation {unknown}
 n - 2 scrolls of revelation {unknown}
 o - a scroll of immolation {unknown}
 p - a scroll of blinking {unknown}
Potions
 b - a potion of lignification {unknown}
 k - a potion of degeneration {unknown}
 r - 2 potions of might {unknown}
 t - a potion of ambrosia {unknown}
 u - a potion of brilliance {unknown}
 v - a potion of resistance {unknown}


   Skills:
 * Level 4.0 Fighting
 * Level 4.6 Long Blades
 - Level 2.0 Throwing
 - Level 2.8 Dodging


You had 4 spell levels left.
You didn't know any spells.
Your spell library was empty.

Dungeon Overview and Level Annotations

Branches:
Dungeon (5/15)
 Temple: D:4-7

Altars:
Ashenzari
Cheibriados
Elyvilon
Hepliaklqana
Nemelex Xobeh
Trog
Wu Jian
The Shining One

Annotations:
D:4 3 runed translucent doors, avangion's ghost, amateur CoHu


Innate Abilities, Weirdness & Mutations

You can wield a second weapon in your off-hand.
It takes a long time for you to wield or remove held weapons.
Your first few attacks do less damage.
You cannot equip rings or amulets.


Message History

The burning spray hits you.
You are covered in liquid fire!
You hit the bombardier beetle with your +0 long sword.
The bombardier beetle is heavily wounded.
You hit the bombardier beetle but do no damage.
The liquid fire burns you!
You barely miss the bombardier beetle with your +0 long sword.
The bombardier beetle is heavily wounded.
You closely miss the bombardier beetle with your +0 dagger.
The liquid fire burns you!
The bombardier beetle barely misses you.
You hit the bombardier beetle with your +0 long sword.
The bombardier beetle is severely wounded.
You barely miss the bombardier beetle with your +0 dagger.
The liquid fire burns you!
You hit the bombardier beetle with your +0 long sword.
You kill the bombardier beetle!
Trog accepts your kill. The liquid fire burns you!
Your Fighting skill increases to level 4!
You shake off some of the fire as you move.
The liquid fire burns you!
You see here a wand of iceblast (15).
w - a wand of iceblast (15)
The liquid fire burns you!
You are on fire!
You are on fire!
You are on fire!
You are on fire!
The liquid fire burns you! The liquid fire burns you!
* * * LOW HITPOINT WARNING * * *
The liquid fire burns you!
* * * LOW HITPOINT WARNING * * *
The liquid fire burns you!
* * * LOW HITPOINT WARNING * * *
The liquid fire burns you!
* * * LOW HITPOINT WARNING * * *
The liquid fire burns you!
You die...

####.# ..... #...#
#...#### #...#..
#.?.#.# #
#####...#.##.#..##
.......@..<.......
..###...#..#.#..##
#...#..# #
#........
#.........
...##.##.#.# ....
#.# .# # ..... ...
.#


There were no monsters in sight!

Vanquished Creatures
  2 bombardier beetles
  4 adders
  2 dart slugs (D:1)
  8 ball pythons
  4 bats
  8 endoplasms
  A giant cockroach (D:2)
  9 goblins
  6 hobgoblins
  2 jackals (D:4)
  9 kobolds
  4 quokkas
  5 frilled lizards
  6 rats
70 creatures vanquished.

Notes
Turn   | Place    | Note
-------+----------+-------------------------------------------
     0 | D:1      | TrayleKats the Coglin Gladiator began the quest for the
                  | Orb.
     0 | D:1      | Reached XP level 1. HP: 16/16 MP: 1/1
    75 | D:1      | Reached XP level 2. HP: 20/22 MP: 2/2
   617 | D:1      | Reached XP level 3. HP: 28/28 MP: 3/3
  1385 | D:2      | Found a faded altar of an unknown god.
  1406 | D:2      | Prayed at the altar of an unknown god.
  1406 | D:2      | Became a worshipper of Trog the Wrathful
  1406 | D:2      | Reached * piety under Trog
  1621 | D:2      | Reached XP level 4. HP: 35/35 MP: 4/4
  1905 | D:3      | Found a faded altar of an unknown god.
  1905 | D:3      | Found a hazy altar of Hepliaklqana.
  1905 | D:3      | Found a faded altar of an unknown god.
  2632 | D:3      | Found a bloodstained altar of Trog.
  2683 | D:3      | Found a glowing golden altar of the Shining One.
  3011 | D:4      | Reached XP level 5. HP: 41/41 MP: 5/5
  3240 | D:4      | Found a broken altar of Ashenzari.
  3260 | D:4      | Found a sparkling altar of Nemelex Xobeh.
  3354 | D:4      | Found a snail-covered altar of Cheibriados.
  3451 | D:4      | Found a runed translucent gate.
  3452 | D:4      | Found a runed translucent gate.
  3455 | D:4      | Found a runed translucent gate.
  3456 | D:4      | Noticed avangion's ghost (amateur CoHu)
  3493 | D:4      | Found an ornate altar of the Wu Jian Council.
  3512 | D:4      | Found a white marble altar of Elyvilon.
  3634 | D:5      | Entered Level 5 of the Dungeon
  3650 | D:5      | HP: 2/42 [burnt (4)]
  3651 | D:5      | Incinerated by a bombardier beetle

Illustrated notes

Levels and vault maps discovered:
D:1:      lightli_arrival_noodles, layout_loops_ring
D:2:      layout_basic, shapermc_ecumenical_altar_mp_ritualfount
D:3:      layout_basic, tso_oasis_becter,
          nicolae_hepliaklqana_ecumenical_no_more, trog_hazing_becter
D:4:      layout_cave_pools, mainiacjoe_overflow_catwalk_spiral,
          lemuel_crystal_altar, amcnicky_altar_gilded, lemuel_round_altar,
          gammafunk_ghost_split, dreamdust_wishing_well
D:5:      layout_basic, minmay_temple_entry_gardened_gates, serial_shops,
          nicolae_shop_real_fake_doors

Skill      XL: |  1  2  3  4  5 |
---------------+----------------+-----
Throwing       | 2 |  2.0
Fighting       | 3 4 |  4.0
Long Blades    | 4 |  4.6
Dodging        | |  2.8

Action                     |  1- 3 |  4- 6 || total
---------------------------+-------+-------++-------
  Melee: Long sword        |   104 |    69 ||   173
         Dagger            |    93 |    55 ||   148
 Invoke: Berserk           |       |     1 ||     1
 Armour: Ring mail         |    77 |       ||    77
         Scale mail        |    12 |     9 ||    21
         Chain mail        |       |    43 ||    43
  Dodge: Dodged            |    46 |    26 ||    72

Table legend: (Time is in decaauts)
 A = Elapsed time spent in this place.
 B = Non-inter-level travel time spent in this place.
 C = Inter-level travel time spent in this place.
 D = Time resting spent in this place.
 E = Time spent auto-exploring this place.
 F = Levels seen in this place.
 G = Mean time per level.
                   A        B        C        D        E       F      G
               +--------+--------+--------+--------+--------+-----+--------+
         Total |   3673 |   3582 |     91 |    246 |   2771 |   5 |  734.6 |
       Dungeon |   3673 |   3582 |     91 |    246 |   2771 |   5 |  734.6 |
               +--------+--------+--------+--------+--------+-----+--------+

Top non-repeatable levels by time:
     D:3: 1271 daAuts
     D:1: 979 daAuts
     D:2: 897 daAuts
     D:4: 509 daAuts
     D:5: 16 daAuts
